 Dungeon Crawl Stone Soup version 0.26-a0-1033-gd598b01645 (webtiles) character file.

Game seed: 4781439855592728633

191 Murumi the Conjurer (level 5, -3/49 HPs)
             Began as an Ogre Conjurer on Dec 10, 2020.
             Slain by a human (8 damage)
             ... on level 3 of the Dungeon.
             The game lasted 00:12:44 (4466 turns).

Murumi the Conjurer (Ogre Conjurer)                 Turns: 4466, Time: 00:12:45

Health: -3/49      AC:  3    Str: 12    XL:     5   Next: 70%
Magic:  3/9        EV: 10    Int: 19    God:
Gold:   149        SH:  0    Dex:  7    Spells: 7/10 levels left

rFire    . . .     SeeInvis .   g - +0 whip
rCold    . . .     Faith    .   (no shield)
rNeg     . . .     Spirit   .   a - +0 robe
rPois    .         Reflect  .   (helmet restricted)
rElec    .         Harm     .   (no cloak)
rCorr    .         Rampage  .   (gloves unavailable)
Will     .....                  (boots unavailable)
Stlth    ++........             h - amulet of inaccuracy (curse)
HPRegen  0.16/turn              (no ring)
MPRegen  0.11/turn              (no ring)

@: no status effects
A: large, unfitting armour, tough skin 1
a: no special abilities


You were on level 3 of the Dungeon.
You visited 1 branch of the dungeon, and saw 3 of its levels.

You collected 149 gold pieces.

Inventory:

Hand Weapons
 g - a +0 whip (weapon)
Missiles
 c - 186 stones
 d - 16 poisoned darts (quivered)
Armour
 a - a +0 robe (worn)
Jewellery
 h - a cursed amulet of inaccuracy (around neck)
Scrolls
 e - 2 scrolls of amnesia
 j - a scroll of blinking
Potions
 b - 2 potions of heal wounds
 f - 2 potions of lignification
 i - a potion of curing
 k - a potion of cancellation
 l - a potion of resistance {unknown}


   Skills:
 - Level 2.0 Fighting
 - Level 2.0 Maces & Flails
 + Level 2.9 Throwing
 - Level 2.0 Dodging
 - Level 2.0 Stealth
 - Level 3.0 Spellcasting
 - Level 4.0 Conjurations


You had 7 spell levels left.
You knew the following spells:

 Your Spells              Type           Power        Failure   Level
a - Magic Dart            Conj           ###.         3%          1
b - Searing Ray           Conj           ###...       4%          2

Your spell library contained the following spells:

 Spells                   Type           Power        Failure   Level
 Dazzling Flash           Conj/Hex       ##....       21%         3
 Fulminant Prism          Conj/Hex       ##........   54%         4
 Iskenderun's Mystic Bla  Conj/Tloc      ##......     54%         4


Dungeon Overview and Level Annotations

Branches:
Dungeon (3/15)

Altars:
Yredelemnul

Annotations:
D:3 2 transporters, Baldric's ghost, weakling HuBe


Innate Abilities, Weirdness & Mutations

You are too large for most types of armour.
You have tough skin. (AC +1)


Message History

Aim: a human (severely wounded)
You throw a poisoned dart. The poisoned dart misses the human.
The human hits you!
* * * LOW HITPOINT WARNING * * *
Throw: 18 darts (poison)
Press: ? - help, Q - select action, (/) - cycle Shift-Dir - straight line, f/p - human
Aim: a human (severely wounded)
You throw a poisoned dart. The poisoned dart hits the human.
The human is poisoned.
The human is severely wounded.
The human hits you.
* * * LOW HITPOINT WARNING * * *
The human looks more healthy.
Throw: 17 darts (poison)
Press: ? - help, Q - select action, (/) - cycle Shift-Dir - straight line, f/p - human
Aim: a human (almost dead)
You throw a poisoned dart.
The poisoned dart closely misses the human.
The human hits you!
You die...

.#.# ##.).....## .....
...###.........####......
.....'(........+.........
...###..........###......
.#.# ##..........8# .....
##.# ##..........# ##.#
...# ##........##### #
#### ##+#.###.#...# #
#.#('@#._.# # #.###p#...#
#.....##### #..(......#
#..!......8# ##...####.##
##.# #.######
########.......
.......<...#


You could see a human.

Vanquished Creatures
  An orc priest (D:3)
  An orc wizard (D:3)
  Robin (D:3)
  4 adders (D:3)
  An ooze (D:1)
  2 worms (D:2)
  4 dart slugs
  2 orcs
  2 giant cockroaches (D:2)
  8 hobgoblins
  3 jackals (D:2)
  8 kobolds
  A quokka (D:2)
  A ball python (D:1)
  6 bats
  A frilled lizard (D:1)
  16 goblins
  A goblin skeleton (D:3)
  A goblin zombie (D:3)
  7 rats
71 creatures vanquished.

Notes
Turn   | Place    | Note
-------+----------+-------------------------------------------
     0 | D:1      | Murumi the Ogre Conjurer began the quest for the Orb.
     0 | D:1      | Reached XP level 1. HP: 16/16 MP: 3/3
   390 | D:1      | Reached skill level 4 in Conjurations
   390 | D:1      | Reached XP level 2. HP: 24/24 MP: 1/5
   437 | D:1      | Learned a level 2 spell: Searing Ray
  1323 | D:2      | Reached XP level 3. HP: 31/31 MP: 3/7
  1898 | D:2      | Reached skill level 1 in Throwing
  2313 | D:2      | Reached skill level 1 in Maces & Flails
  2387 | D:2      | Reached XP level 4. HP: 40/40 MP: 4/8
  2780 | D:3      | Reached skill level 1 in Fighting
  2984 | D:3      | Found a transporter.
  2992 | D:3      | Found a transporter.
  2992 | D:3      | Noticed Baldric's ghost (weakling HuBe)
  3172 | D:3      | HP: 2/41 [orc wizard/magic dart (4)]
  3173 | D:3      | Reached XP level 5. HP: 3/48 MP: 6/9
  3833 | D:3      | Found a faded altar of an unknown god.
  3970 | D:3      | Noticed Robin
  3983 | D:3      | Killed Robin
  4414 | D:3      | Found a runed translucent door.
  4414 | D:3      | Noticed a human
  4415 | D:3      | Found a basalt altar of Yredelemnul.
  4466 | D:3      | Slain by a human

Illustrated notes

Levels and vault maps discovered:
D:1:      heliophobic_arrival_henge, layout_basic
D:2:      layout_basic
D:3:      layout_loops_corners, gammafunk_ghost_mausoleum,
          chequers_ecumenical_altar_simple, corexii_shack,
          dk_yredelemnul_ordeal, uniq_robin

Skill      XL: |  1  2  3  4  5 |
---------------+----------------+-----
Conjurations   | 4 |  4.0
Spellcasting   | 3 |  3.0
Dodging        | 2 |  2.0
Stealth        | 2 |  2.0
Throwing       | 1 2 |  2.9
Maces & Flails | 1 2 |  2.0
Fighting       | 1 2 |  2.0

Action                   |  1- 3 |  4- 6 || total
-------------------------+-------+-------++-------
Melee: Club              |     2 |       ||     2
       Whip              |    42 |    30 ||    72
Throw: Stone             |     2 |       ||     2
       Dart              |       |    17 ||    17
 Cast: Magic Dart        |    62 |    54 ||   116
       Searing Ray       |     5 |     6 ||    11
  Use: Scroll            |     5 |     3 ||     8
Armor: Robe              |    11 |     8 ||    19
Dodge: Dodged            |    28 |    28 ||    56

Table legend: (Time is in decaauts)
 A = Elapsed time spent in this place.
 B = Non-inter-level travel time spent in this place.
 C = Inter-level travel time spent in this place.
 D = Time resting spent in this place.
 E = Time spent auto-exploring this place.
 F = Levels seen in this place.
 G = Mean time per level.
                   A        B        C        D        E       F      G
               +--------+--------+--------+--------+--------+-----+--------+
         Total |   4473 |   4212 |    261 |    230 |   3502 |   3 | 1491.0 |
       Dungeon |   4473 |   4212 |    261 |    230 |   3502 |   3 | 1491.0 |
               +--------+--------+--------+--------+--------+-----+--------+

Top non-repeatable levels by time:
     D:2: 1814 daAuts
     D:3: 1341 daAuts
     D:1: 1316 daAuts
